 Dungeon Crawl Stone Soup version 0.24-a0-235-g3f03afc (webtiles) character file.

Game seed: 5045098317941419605

3895 technobutter the Spear-Bearer (level 10, -13/79 HPs)
             Began as a Merfolk Fighter on Apr 6, 2019.
             Was a Believer of the Shining One.
             Mangled by a death yak (17 damage)
             ... on level 9 of the Dungeon.
             The game lasted 00:47:18 (9018 turns).

technobutter the Spear-Bearer (Merfolk Fighter)     Turns: 9018, Time: 00:47:19

Health: -13/79     AC: 26    Str: 18    XL:     10   Next: 20%
Magic:  10/10      EV:  5    Int:  7    God:    the Shining One [**....]
Gold:   431        SH: 10    Dex: 16    Spells: 9/9 levels left

rFire    . . .     SeeInvis .   v - +0 trident (protect)
rCold    . . .     Gourm    .   c - +0 shield
rNeg     + . .     Faith    .   w - +0 plate armour
rPois    .         Spirit   .   u - +1 helmet
rElec    .         Reflect  .   h - +0 cloak
rCorr    .         Harm     .   (no gloves)
MR       .....                  (no boots)
Stlth    ..........             x - amulet of regeneration
HPRegen  0.63/turn              s - ring of stealth
MPRegen  0.12/turn              t - +4 ring of protection

@: protection aura, glowing
A: change form in water, swift swim, stealthy swim
a: Divine Shield, Renounce Religion


You were on level 9 of the Dungeon.
You worshipped the Shining One.
The Shining One was pleased with you.
You were not hungry.

You visited 1 branch of the dungeon, and saw 9 of its levels.

You collected 431 gold pieces.

Inventory:

Hand Weapons
 v - a +0 trident of protection (weapon)
Armour
 c - a +0 shield (worn)
 h - a +0 cloak (worn)
 u - a +1 helmet (worn)
 w - a +0 plate armour (worn)
Jewellery
 s - a ring of stealth (left hand)
 t - a +4 ring of protection (right hand)
 x - an amulet of regeneration (around neck)
Wands
 b - a wand of flame (17)
 d - a wand of iceblast (6)
Scrolls
 e - a scroll of fear {unknown}
 i - a scroll of immolation {unknown}
 j - 2 scrolls of enchant weapon {unknown}
 k - a scroll of amnesia {unknown}
 n - 8 scrolls of remove curse
 r - 2 scrolls of teleportation {unknown}
 y - a scroll of summoning {unknown}
Potions
 g - 5 potions of curing {unknown}
 l - a potion of mutation {unknown}
 m - a potion of heal wounds
 o - a potion of ambrosia {unknown}
 p - 2 potions of flight
 q - a potion of lignification {unknown}
Comestibles
 f - 4 rations


   Skills:
 + Level 7.2 Fighting
 + Level 13.2 Polearms
 + Level 0.2 Throwing
 + Level 5.3 Armour
 + Level 3.7 Dodging
 + Level 1.1 Stealth
 + Level 6.4 Shields


You had 9 spell levels left.
You didn't know any spells.
Your spell library contained the following spells:

 Spells                   Type           Power        Failure   Level  Hunger
 Magic Dart               Conj           #...         100%        1    ##.....
 Searing Ray              Conj           #.....       100%        2    ###....
 Dazzling Spray           Conj/Hex       #.....       100%        3    ####...
 Force Lance              Conj/Tloc      #.......     100%        4    #####..
 Fulminant Prism          Conj/Hex       #.........   100%        4    #####..
 Iskenderun's Mystic Bla  Conj           #.......     100%        4    #####..


Dungeon Overview and Level Annotations

Branches:
Dungeon (9/15)             Temple (0/1) D:7
   Lair: D:8-11         Orc: D:9-12

Altars:
Gozag
Okawaru
Ru
Sif Muna
Wu Jian
The Shining One

Shops:
D:9 =


Message History

The death yak gores you but does no damage.
You hit the death yak but do no damage.
The death yak is severely wounded.
The death yak gores you.
You hit the death yak but do no damage.
The death yak is severely wounded.
You hit the death yak but do no damage.
The death yak is severely wounded.
The death yak gores you!!
* * * LOW HITPOINT WARNING * * *
You hit the death yak but do no damage.
The death yak is severely wounded.
The death yak gores you!
* * * LOW HITPOINT WARNING * * *
You hit the death yak but do no damage.
The death yak is severely wounded.
You hit the death yak.
The death yak is severely wounded.
The death yak gores you!
You die...

#.....# #....Y...##
#.....# ##.#.#......
#.....# ###..........#
.....>####..........#
#..........#........#
#.....#########†#####
###.### #rY# #..# ##Y#
####'##### #@##
#........# #†.#
#........### ##.#
#........'.######.### ##
#........#.##.......##..+
#........#.##..........#
'........#†##.......####
#........#..........#
#........####.......#


You could see 2 death yaks and a porcupine.

Vanquished Creatures
  A death yak (D:9)
  Maurice (D:8)
  3 hippogriffs
  Grinder (D:3)
  A wyvern (D:9)
  Eustachio (D:4)
  A porcupine (D:9)
  2 orc warriors (D:8)
  An ice beast (D:9)
  A phantom (D:7)
  2 ogres
  A centaur (D:7)
  A bullfrog (D:9)
  A water moccasin zombie (D:9)
  3 killer bees (D:7)
  3 howler monkeys
  A crimson imp (D:8)
  A centaur zombie (D:7)
  A bullfrog zombie (D:7)
  Crazy Yiuf (D:3)
  2 hounds
  2 orc priests
  A jelly (D:9)
  3 orc wizards
  Ijyb (D:3)
  Terence (D:3)
  3 worker ants
  A hound zombie (D:8)
  A worker ant zombie (D:7)
  9 gnolls
  A howler monkey skeleton (D:9)
  5 adders
  A river rat (D:9)
  A shadow imp (D:7)
  An ooze (D:1)
  An adder skeleton (D:4)
  4 worms
  2 dart slugs
  7 leopard geckos
  28 orcs
  5 giant cockroaches
  7 goblins
  6 hobgoblins
  14 jackals
  4 quokkas
  2 ball pythons (D:2)
  3 bats
  6 frilled lizards
  9 kobolds
  A leopard gecko skeleton (D:7)
  7 rats
  2 plants (D:3)
169 creatures vanquished.

Notes
Turn   | Place    | Note
-------+----------+-------------------------------------------
     0 | D:1      | technobutter the Merfolk Fighter began the quest for the
                  | Orb.
     0 | D:1      | Reached XP level 1. HP: 18/18 MP: 1/1
   339 | D:2      | Reached XP level 2. HP: 24/24 MP: 2/2
   667 | D:2      | Reached XP level 3. HP: 27/29 MP: 3/3
   787 | D:1      | Reached skill level 4 in Polearms
  1370 | D:2      | Reached XP level 4. HP: 14/36 MP: 4/4
  1559 | D:2      | Found a glowing golden altar of the Shining One.
  1562 | D:2      | Became a worshipper of the Shining One
  2149 | D:2      | Reached skill level 5 in Polearms
  2164 | D:2      | Found a deep blue altar of Sif Muna.
  2164 | D:2      | Found an opulent altar of Gozag.
  2440 | D:3      | Noticed Grinder
  2458 | D:3      | Paralysed by Grinder for 3 turns
  2464 | D:3      | Killed Grinder
  2464 | D:3      | Reached skill level 6 in Polearms
  2464 | D:3      | Reached skill level 1 in Dodging
  2464 | D:3      | Reached XP level 5. HP: 5/42 MP: 5/5
  2464 | D:3      | Reached XP level 6. HP: 6/48 MP: 6/6
  2796 | D:3      | Noticed Ijyb
  2974 | D:3      | Killed Ijyb
  2999 | D:3      | Noticed Terence
  3025 | D:3      | Killed Terence
  3176 | D:3      | Found a faded altar of an unknown god.
  3338 | D:4      | Reached skill level 7 in Polearms
  3839 | D:3      | Found an iron altar of Okawaru.
  3841 | D:3      | Reached XP level 7. HP: 50/54 MP: 7/7
  4066 | D:3      | Found a runed translucent door.
  4067 | D:3      | Noticed Crazy Yiuf
  4240 | D:3      | Killed Crazy Yiuf
  4647 | D:4      | Reached skill level 8 in Polearms
  5243 | D:4      | Noticed Eustachio
  5243 | D:4      | Reached * piety under the Shining One
  5305 | D:4      | Killed Eustachio
  5485 | D:5      | Entered Level 5 of the Dungeon
  5555 | D:6      | Reached skill level 9 in Polearms
  5555 | D:6      | Reached XP level 8. HP: 53/61 MP: 8/8
  5567 | D:6      | You fall through a shaft for 2 floors!
  5684 | D:8      | Noticed Maurice
  5990 | D:7      | Found a staircase to the Ecumenical Temple.
  6122 | D:7      | Noticed a hippogriff
  6137 | D:7      | Killed a hippogriff
  6137 | D:7      | Reached skill level 5 in Fighting
  6293 | D:7      | Reached skill level 5 in Shields
  6387 | D:7      | Reached skill level 10 in Polearms
  6405 | D:7      | Noticed a hippogriff
  6420 | D:7      | Killed a hippogriff
  6677 | D:7      | Found an ornate altar of the Wu Jian Council.
  6697 | D:7      | Reached XP level 9. HP: 64/68 MP: 9/9
  6703 | D:7      | Reached skill level 11 in Polearms
  6846 | D:7      | Found a sacrificial altar of Ru.
  7008 | D:8      | Reached ** piety under the Shining One
  7756 | D:8      | Killed Maurice
  8206 | D:9      | Found Sotwon's Jewellery Shoppe.
  8298 | D:9      | Reached skill level 12 in Polearms
  8486 | D:9      | Reached skill level 1 in Stealth
  8490 | D:9      | Reached skill level 5 in Armour
  8875 | D:9      | Reached XP level 10. HP: 57/77 MP: 10/10
  8956 | D:9      | Noticed a death yak
  8956 | D:9      | Noticed a death yak
  8970 | D:9      | Noticed a death yak
  8996 | D:9      | Killed a death yak
  8996 | D:9      | Reached skill level 13 in Polearms
  9016 | D:9      | HP: 3/79 [death yak (9)]
  9018 | D:9      | Mangled by a death yak

Levels and vault maps discovered:
D:1:      dpeg_arrival_rooms_a, layout_basic
D:2:      minmay_inner_zag, layout_loops_corners,
          chequers_temple_overflow_statue_of_worship, tso_oasis_becter
D:3:      layout_rooms, okawaru_altar_gauntlet_db,
          chequers_ecumenical_altar_lobes, corexii_leaking_fountain, uniq_ijyb,
          uniq_terence, uniq_crazy_yiuf_cottage, uniq_grinder
D:4:      layout_loops_corners, first_ration, uniq_eustachio
D:5:      layout_basic, amethyst_overflow_temple_binary
D:6:      lemuel_ice_spiral_2, layout_basic, kennysheep_mini_moat,
          ebering_ghost_rock_garden, tgw_sif, uniq_menkaure
D:7:      layout_gridville, kennysheep_mini, lemuel_coloured_pillars_altar,
          minmay_temple_entry_large_hall
D:8:      layout_gridville, uniq_maurice
D:9:      layout_roguey, dpeg_lair_monsters, orc_0_dummy, serial_shops,
          shop_fountains, grunt_ogre_cave, dk_noncrumbling_3

Skill      XL: |  1  2  3  4  5  6  7  8  9 10 |
---------------+-------------------------------+-----
Polearms       | 4 6 7 9 10 12 13 | 13.2
Armour         | 3 4 5 |  5.3
Dodging        | 1 2 3 |  3.7
Fighting       | 4 5 6 7 |  7.2
Shields        | 4 5 6 |  6.4
Stealth        | 1 |  1.1
Throwing       | |  0.2

Action                   |  1- 3 |  4- 6 |  7- 9 | 10-12 || total
-------------------------+-------+-------+-------+-------++-------
Melee: Trident           |   115 |   255 |   427 |    60 ||   857
       Tailslap          |       |     1 |       |       ||     1
       Unarmed           |       |     2 |       |       ||     2
Throw: Tomahawk          |       |       |     2 |       ||     2
  Use: Scroll            |       |       |     8 |       ||     8
       Potion            |       |       |     1 |       ||     1
  Eat: Ration            |     1 |     2 |     5 |       ||     8
Armor: Scale mail        |    43 |    65 |    92 |       ||   200
       Plate armour      |       |       |    70 |     9 ||    79
Dodge: Dodged            |    20 |    42 |    88 |     4 ||   154
Block: Shield            |    38 |    93 |   183 |    12 ||   326

Table legend:
 A = Non-vault XP
 B = Vault XP
 C = Vault XP percentage of total XP
 D = Non-vault monster count
 E = Vault monster count
 F = Vault count percentage of total count
                 A         B        C        D         E       F
            +---------+---------+-------+---------+---------+-------
      Total |    3430 |    2135 |  38.4 |     144 |      23 |  13.8
            +---------+---------+-------+---------+---------+-------
        D:1 |      51 |       0 |   0.0 |      18 |       0 |   0.0
        D:2 |      58 |      13 |  18.3 |      23 |       5 |  17.9
        D:3 |      61 |     393 |  86.6 |      19 |      10 |  34.5
        D:4 |     377 |     203 |  35.0 |      21 |       1 |   4.5
        D:6 |      46 |       0 |   0.0 |       3 |       0 |   0.0
        D:7 |    1310 |       0 |   0.0 |      29 |       0 |   0.0
        D:8 |     448 |     485 |  52.0 |      11 |       1 |   8.3
        D:9 |    1079 |    1041 |  49.1 |      20 |       6 |  23.1
            +---------+---------+-------+---------+---------+-------
